 Dungeon Crawl Stone Soup version 0.28-a0-8-g6e044cfa68 (webtiles) character file.

Game seed: 12901676091204257489

556 bande the Shield-Bearer (level 7, -2/44 HPs)
             Began as a Gargoyle Fighter on July 25, 2021.
             Slain by an ice beast (12 damage)
             ... on level 5 of the Dungeon.
             The game lasted 00:06:24 (3724 turns).

bande the Shield-Bearer (Gargoyle Fighter)          Turns: 3724, Time: 00:06:25

Health: -2/44      AC: 14    Str: 20    XL:     7   Next: 30%
Magic:  7/7        EV:  8    Int:  9    God:
Gold:   205        SH:  9    Dex: 10    Spells: 6/6 levels left

rFire   . . .      SeeInvis .   a - +0 war axe
rCold   . . .      Faith    .   c - +0 kite shield
rNeg    + . .      Spirit   .   b - +0 scale mail
rPois   ∞          Reflect  .   (no helmet)
rElec   +          Harm     .   (no cloak)
rCorr   .          Rampage  .   (no gloves)
Will    .....                   h - +1 pair of boots
Stlth   ..........              (no amulet)
HPRegen 0.14/turn               (no ring)
MPRegen 0.10/turn               (no ring)

@: no status effects
A: sickness immunity, AC +4, negative energy resistance 1, electricity
resistance, torment resistance 1, petrification resistance
a: no special abilities


You were on level 5 of the Dungeon.
You visited 1 branch of the dungeon, and saw 5 of its levels.
You also visited: Sewer.

You collected 205 gold pieces.

Inventory:

Hand Weapons
 a - a +0 war axe (weapon)
Armour
 b - a +0 scale mail (worn)
 c - a +0 kite shield (worn)
 h - a +1 pair of boots (worn)
Jewellery
 m - a +4 ring of evasion
Wands
 n - a wand of acid (6)
 q - a wand of flame (8)
Scrolls
 e - 3 scrolls of magic mapping
 f - 4 scrolls of identify
 g - a scroll of immolation {unknown}
 i - 2 scrolls of teleportation {unknown}
 j - a scroll of amnesia {unknown}
 k - a scroll of fear {unknown}
 p - a scroll of fog {unknown}
Potions
 d - a potion of might
 l - 2 potions of flight
 o - 2 potions of curing
 r - a potion of heal wounds


   Skills:
 + Level 4.5 Fighting
 + Level 4.1 Axes
 + Level 4.7 Armour
 + Level 1.3 Dodging
 + Level 4.7 Shields
 * Level 2.1 Evocations


You had 6 spell levels left.
You didn't know any spells.
Your spell library contained the following spells:

 Spells                   Type           Power      Damage    Failure   Level
 Passwall                 Tmut/Erth      0%         N/A       99%         2
 Swiftness                Air            0%         N/A       100%        3
 Invisibility             Hex            0%         N/A       100%        6


Dungeon Overview and Level Annotations

Branches:
Dungeon (5/15)              Sewer (visited)
 Temple: D:4-7

Altars:

Shops:
D:1 :

Annotations:
D:4 3 runed translucent doors, Sin92's ghost, amateur DsFi


Innate Abilities, Weirdness & Mutations

You are immune to sickness and miasma.
Your stone body is resilient. (AC +4)
You are immune to poison.
You resist negative energy. (rN+)
You are resistant to electric shocks. (rElec)
You are resistant to unholy torment.
You are immune to petrification.


Message History

You barely miss the ice beast.
The ice beast is moderately wounded.
The ice beast completely misses you. The ice beast hits you.
The ice beast freezes you.
Your shield and scale mail prevent you from hitting the ice beast.
The ice beast is moderately wounded.
The ice beast hits you. The ice beast freezes you!
You closely miss the ice beast.
The ice beast is moderately wounded.
You block the ice beast's attack. x2
You slash the ice beast!
The ice beast is heavily wounded.
You block the ice beast's attack.
You barely miss the ice beast.
The ice beast is heavily wounded.
The ice beast barely misses you. You block the ice beast's attack.
You slash the ice beast!
The ice beast is almost dead.
You block the ice beast's attack.
You closely miss the ice beast.
The ice beast is almost dead.
You block the ice beast's attack.
The ice beast hits you but does no damage.
You barely miss the ice beast.
The ice beast is almost dead.
The ice beast hits you but does no damage.
You block the ice beast's attack.
You hit the ice beast.
The ice beast is almost dead.
The ice beast hits you. The ice beast freezes you!
* * * LOW HITPOINT WARNING * * *
You are too injured to fight recklessly!
You are too injured to fight recklessly!
You closely miss the ice beast.
The ice beast is almost dead.
The ice beast hits you but does no damage.
The ice beast hits you.
* * * LOW HITPOINT WARNING * * *
The ice beast freezes you!
You die...

***,*,*,#.#####.#####
#......... ******##* #.....#
#......... ########.#
#......... #.....##.#
#......... ####
*####.##.####.........
##≈≈####≈≈##......#.........
#≈≈≈≈≈≈≈≈≈÷..##...#.........
##≈≈####≈≈##......#####.....
#≈##≈≈####@####.##* *,,,,,
#≈#≈≈≈≈≈≈#.Y..#..,****,,,,,
#÷#≈.≈≈≈≈#.##.###.*,,,,,,,,
#÷##≈≈##÷#.#*,# *.#,,,,,,,,
##≈≈####≈≈##.,,***,*,,,,,,,,
#≈≈≈≈≈≈≈≈≈≈#.,,,,,,*,,,,,,,,
##≈≈####≈≈##.,,*****,,,,,,*,
#### ####,..,* *,,,,,,*,
*,,,,,,* *,,,,,,*,


You could see an ice beast.

Vanquished Creatures
  An ice beast (D:5)
  A phantom (D:5)
  A kobold brigand (Sewer)
  A scorpion (D:5)
  2 hounds (D:5)
  A hound zombie (D:4)
  6 adders
  5 river rats
  2 ufetubi (D:5)
  3 dart slugs
  An orc (D:3)
  2 bats (D:2)
  4 endoplasms
  5 giant cockroaches
  6 goblins
  8 hobgoblins
  A jackal (Sewer)
  9 quokkas
  4 ball pythons
  A frilled lizard (D:1)
  10 kobolds
  9 rats
83 creatures vanquished.

Notes
Turn   | Place    | Note
-------+----------+-------------------------------------------
     0 | D:1      | bande the Gargoyle Fighter began the quest for the Orb.
     0 | D:1      | Reached XP level 1. HP: 14/14 MP: 1/1
     2 | D:1      | Noticed a vampire
     2 | D:1      | Noticed a djinni
     4 | D:1      | Noticed an ogre
     4 | D:1      | Noticed a spriggan
     7 | D:1      | Noticed a human
     7 | D:1      | Noticed an elf
     9 | D:1      | Noticed a draconian
    13 | D:1      | Noticed a minotaur
    13 | D:1      | Noticed a vine stalker
    15 | D:1      | Noticed an octopode
    15 | D:1      | Noticed a demigod
    17 | D:1      | Noticed a troll
    17 | D:1      | Noticed a ghoul
    19 | D:1      | Noticed a merfolk
    19 | D:1      | Noticed a tengu
    21 | D:1      | Noticed a barachi
    21 | D:1      | Noticed a naga
    23 | D:1      | Noticed a palentonga
    23 | D:1      | Noticed a felid
    25 | D:1      | Noticed a demonspawn
    25 | D:1      | Noticed a formicid
    27 | D:1      | Noticed a dwarf
    27 | D:1      | Noticed a gargoyle
   186 | D:1      | Reached XP level 2. HP: 12/19 MP: 2/2
   299 | D:1      | Found Sat Moci's Book Emporium.
   444 | D:1      | Found a faded altar of an unknown god.
   963 | D:1      | Reached XP level 3. HP: 23/23 MP: 3/3
  1855 | D:3      | Reached XP level 4. HP: 19/29 MP: 4/4
  2902 | D:4      | Reached XP level 5. HP: 25/33 MP: 5/5
  3054 | D:4      | Found a runed translucent gate.
  3055 | D:4      | Found a runed translucent gate.
  3055 | D:4      | Found a runed translucent gate.
  3093 | D:4      | Noticed Sin92's ghost (amateur DsFi)
  3129 | D:4      | You fall into a shaft and drop 1 floor!
  3129 | D:5      | Entered Level 5 of the Dungeon
  3146 | D:5      | Noticed a phantom
  3172 | D:5      | Killed a phantom
  3173 | D:5      | Reached skill level 1 in Evocations
  3187 | D:5      | Reached XP level 6. HP: 25/38 MP: 6/6
  3237 | D:5      | Noticed an ice beast
  3248 | D:5      | Killed an ice beast
  3249 | D:5      | Reached skill level 1 in Dodging
  3306 | D:5      | Reached XP level 7. HP: 32/44 MP: 7/7
  3365 | D:5      | Found a glowing drain.
  3372 | Sewer    | Entered a sewer
  3632 | Sewer    | Found a white marble altar of Elyvilon.
  3724 | D:5      | Slain by an ice beast

Illustrated notes

Levels and vault maps discovered:
D:1:      kb_arrival_jail, layout_basic, serial_shops, nicolae_shop_waterfront,
          dreamdust_ecumenical_altar_grove
D:2:      layout_basic, hangedman_decor_growths, serial_bayou_pond_a,
          st_stairs_12, minmay_indecisive_spiral
D:3:      layout_basic, moated_statue, minivault_5
D:4:      minmay_inner_zag, layout_loops_ring, ebering_ghost_rock_garden,
          minmay_misc_feat_rugged
D:5:      layout_basic, gup_sewer_entry_bubbles, minmay_misc_feat_hallway,
          uniq_duvessa, uniq_sigmund

Skill      XL: |  1  2  3  4  5  6  7 |
---------------+----------------------+-----
Axes           | 2 3 4 |  4.1
Armour         | 4 |  4.7
Fighting       | 4 |  4.5
Shields        | 4 |  4.7
Evocations     | 1 2 |  2.1
Dodging        | 1 |  1.3

Action                   |  1- 3 |  4- 6 |  7- 9 || total
-------------------------+-------+-------+-------++-------
Melee: War axe           |   111 |   150 |   103 ||   364
  Use: Scroll            |       |     3 |       ||     3
       Potion            |       |       |     1 ||     1
Armor: Scale mail        |    58 |    90 |    71 ||   219
Dodge: Dodged            |    45 |    54 |    50 ||   149
Block: Kite shield       |    71 |    99 |    73 ||   243

Table legend: (Time is in decaauts)
 A = Elapsed time spent in this place.
 B = Non-inter-level travel time spent in this place.
 C = Inter-level travel time spent in this place.
 D = Time resting spent in this place.
 E = Time spent auto-exploring this place.
 F = Levels seen in this place.
 G = Mean time per level.
                   A        B        C        D        E       F      G
               +--------+--------+--------+--------+--------+-----+--------+
         Total |   3991 |   3991 |      0 |    383 |   2581 |   6 |  665.2 |
       Dungeon |   3635 |   3635 |      0 |    303 |   2413 |   5 |  727.0 |
         Sewer |    355 |    355 |      0 |     80 |    168 |   1 |  355.0 |
               +--------+--------+--------+--------+--------+-----+--------+

Top non-repeatable levels by time:
     D:1: 1091 daAuts
     D:3: 895 daAuts
     D:2: 810 daAuts
     D:4: 447 daAuts
     D:5: 390 daAuts
   Sewer: 355 daAuts
